Match 46826472
Unlisted

Match 46826472
End
Selects Italian Coastal Battlegroup
Selects Coastal Reserves
Coastal Reserve
Coastal Reserve
Coastal Reserve
Coastal Reserve
Construct Infanterie Kompanie
Construct Luftwaffe Kompanie
Flak 30 Anti-aircraft Gun Team
221 Scout Car
Selects Artillery Officer
Artillery Officer
Medical Bunker
Construct Panzergrenadier Kompanie
Selects Coastal Wall
MG 42 Bunker
Construct Panzer Kompanie
Selects Support Bunkers
Stoßtruppen Squad
Selects Designated Artillery Overwatch
Pak 40 Anti-tank Gun Team
Selects Call the Reserves!
Call the Reserves!
Anti-tank Bunker
Panzer IV Medium Tank
Call the Reserves!
Pak 40 Anti-tank Gun Team
Medical Bunker
Support Elements
Repair Bunker
Nebelwerfer 42 Rocket Launcher Team
Anti-tank Bunker
Panzer IV Medium Tank
Panzer IV Medium Tank
Anti-tank Bunker
Call the Reserves!
Pak 40 Anti-tank Gun Team
Anti-tank Bunker
Designated Artillery Overwatch
Panzer IV Medium Tank
Medical Bunker
Construct Infanterie Kompanie
Call the Reserves!
Construct Panzergrenadier Kompanie
Pak 40 Anti-tank Gun Team
Panzer IV Medium Tank
Pak 40 Anti-tank Gun Team
MG 42 Bunker
HulkSMASH
FeriG
0
0

Comments sign in to comment!

No comments posted yet!